AoeStats
← Marcos

Fortress

510175363Analyzed
2v2 RM · 4d ago on Sep 29, 2026· 75m 46s· 4 players
Game mode
Random Map
Map size
Normal (6 player)
Population
200
Speed
Normal
Resources
Standard
Victory
Conquest
Starting age
Dark Age
Ending age
Imperial Age
RankedLock teamsTeams togetherTeam positionsShared explorationLock speedFull tech treeHidden civsTurbo modeCheats
Victory
Defeat
🇵🇹 Teutons · Portugal
933
+30
🇵🇹 Lithuanians · Portugal
815
+29
🇵🇪 Ethiopians · Peru
822
-14
🇵🇪 Bohemians · Peru
797
-13
TE LA ENTIERRO
8:08 Feudal Age
6:24 Loom
9:38 Double-Bit Axe
9:46 Gold Mining
9:39 Horse Collar
15:24 Castle Age
19:09 Caravan
21:23 Bow Saw
28:15 Imperial Age
30:40 Wheelbarrow
29:46 Heavy Scorpion
31:53 Two-Man Saw
32:42 Chemistry
31:48 Siege Engineers
32:59 Fortified Wall
33:37 Hand Cart
36:35 Torsion Engines
38:56 Conscription
41:36 Gold Shaft Mining
57:03 Husbandry
57:36 Cavalier
57:40 Heavy Camel Rider
64:39 Scale Barding Armor
64:45 Forging
el ronpe culos
8:33 Feudal Age
13:22 Double-Bit Axe
18:29 Castle Age
22:34 Caravan
25:27 Imperial Age
31:42 Bow Saw
31:14 Horse Collar
32:45 Chemistry
33:53 Fortified Wall
33:56 Wagenburg Tactics
35:38 Two-Man Saw
35:10 Heavy Plow
35:40 Elite Hussite Wagon
38:05 Houfnice
39:20 Siege Engineers
41:09 Guilds
40:46 Pikeman
42:50 Halberdier
44:57 Scale Mail Armor
45:08 Forging
46:23 Ballistics
46:38 Chain Mail Armor
50:58 Squires
57:19 Plate Mail Armor
57:24 Iron Casting
Marcos
8:20 Feudal Age
9:39 Wheelbarrow
8:59 Stone Mining
9:00 Gold Mining
8:54 Horse Collar
9:03 Double-Bit Axe
17:19 Castle Age
16:29 Forging
16:19 Scale Mail Armor
18:28 Squires
20:25 Caravan
23:51 Coinage
23:12 Loom
24:29 Bow Saw
26:20 Heavy Plow
30:14 Imperial Age
29:05 Arson
28:41 Pikeman
28:42 Man-at-Arms
29:30 Hill Forts
30:55 Iron Casting
30:10 Fletching
30:36 Chain Mail Armor
30:21 Padded Archer Armor
31:24 Hand Cart
31:06 Long Swordsman
32:40 Banking
32:26 Fortified Wall
32:53 Murder Holes
33:19 Ballistics
33:59 Chemistry
32:48 Halberdier
32:55 Light Cavalry
33:37 Two-Handed Swordsman
34:33 Guilds
34:04 Cavalier
35:27 Bloodlines
35:17 Husbandry
35:47 Scale Barding Armor
35:42 Padded Archer Armor
36:28 Crop Rotation
36:26 Conscription
36:03 Capped Ram
37:38 Masonry
36:52 Champion
37:25 Town Watch
38:56 Two-Man Saw
39:15 Stone Shaft Mining
39:07 Chain Barding Armor
38:34 Winged Hussar
40:45 Tower Shields
40:36 Elite Leitis
42:04 Architecture
41:26 Guard Tower
41:37 Bodkin Arrow
41:58 Leather Archer Armor
44:41 Hoardings
44:12 Bracer
44:58 Paladin
46:40 Onager
51:19 Plate Barding Armor
51:15 Ring Archer Armor
51:23 Keep
50:40 Heated Shot
57:07 Bombard Tower
AlphaRaven
8:23 Feudal Age
7:26 Loom
9:55 Wheelbarrow
9:06 Double-Bit Axe
9:01 Horse Collar
14:36 Castle Age
12:43 Stone Mining
12:43 Gold Mining
15:35 Hand Cart
15:49 Bow Saw
16:11 Heavy Plow
20:44 Loom
20:45 Town Watch
23:38 Stone Shaft Mining
25:00 Fortified Wall
28:52 Imperial Age
26:40 Pikeman
27:20 Squires
27:36 Forging
27:27 Scale Mail Armor
29:11 Arson
30:26 Iron Casting
30:26 Crop Rotation
31:06 Two-Man Saw
31:13 Chemistry
30:34 Ballistics
31:23 Caravan
32:07 Crenellations
33:23 Blast Furnace
32:38 Chain Mail Armor
33:21 Halberdier
33:54 Fletching
34:04 Padded Archer Armor
34:35 Plate Mail Armor
34:29 Conscription
34:30 Ironclad
35:30 Bodkin Arrow
35:50 Leather Archer Armor
35:42 Scale Barding Armor
35:00 Elite Skirmisher
36:16 Gambesons
35:53 Man-at-Arms
38:36 Chain Barding Armor
38:47 Ring Archer Armor
37:51 Long Swordsman
38:54 Ironclad
39:10 Hoardings
37:59 Elite Teutonic Knight
41:17 Bloodlines
41:49 Plate Barding Armor
40:56 Cavalier
42:20 Crossbowman
43:36 Bombard Tower
43:32 Masonry
44:12 Siege Engineers
44:53 Paladin
Connection lost

Rejoining the realm…

Still unreachable

The connection could not be restored.

Session expired

The server has moved on; the page needs a fresh start.